 Dungeon Crawl Stone Soup version 0.20-a0-850-ge5a7832 (webtiles) character file.

94 Alarkh the Skirmisher (level 4, 35/35 HPs)
             Began as a Demonspawn Monk on Mar 10, 2017.
             Was a Follower of Uskayaw.
             Quit the game on level 3 of the Dungeon.
             The game lasted 00:01:48 (2348 turns).

Alarkh the Skirmisher (Demonspawn Monk)             Turns: 2348, Time: 00:01:49

Health: 35/35      AC:  3    Str: 11    XL:     4   Next: 38%
Magic:  4/4        EV: 14    Int: 12    God:    Uskayaw [*.....]
Gold:   77         SH:  0    Dex: 16    Spells: 3/3 levels left

rFire    + . .     SeeInvis +   a - +0 war axe
rCold    . . .     Gourm    .   b - +0 robe
rNeg     . . .     Faith    .   (no shield)
rPois    .         Spirit   .   (helmet restricted)
rElec    .         Reflect  .   (no cloak)
rCorr    .         Harm     .   (no gloves)
MR       .....                  (no boots)
Stlth    +++.......             (no amulet)
Regen    0.2/turn               r - ring of protection from fire
MPRegen  0.1/turn               m - +1 ring of protection

@: no status effects
A: horns 1, see invisible, deterioration 1, nightstalker 1
a: Stomp, Renounce Religion


You were on level 3 of the Dungeon.
You worshipped Uskayaw.
Uskayaw was noncommittal.
You were hungry.

You visited 1 branch of the dungeon, and saw 3 of its levels.

You collected 77 gold pieces.

Inventory:

Hand Weapons
 a - a +0 war axe (weapon)
 p - a +0 hand axe
Armour
 b - a +0 robe (worn)
Jewellery
 m - a +1 ring of protection (left hand)
 r - a ring of protection from fire (right hand)
Scrolls
 e - a scroll of teleportation
 f - a scroll of recharging {unknown}
 g - a scroll of immolation {unknown}
 o - 3 scrolls of remove curse {unknown}
 q - a scroll of identify {unknown}
Potions
 h - a potion of haste
 k - a potion of resistance
Comestibles
 c - 4 bread rations
 d - 3 fruits
 i - a meat ration
 n - a royal jelly


   Skills:
 + Level 3.5 Fighting
 * Level 3.5 Axes
 + Level 1.4 Armour
 + Level 3.2 Dodging
 - Level 1.7 Stealth


You had 3 spell levels left.
You didn't know any spells.

Dungeon Overview and Level Annotations

Branches:
Dungeon (3/15)

Altars:
Gozag
Uskayaw


Innate Abilities, Weirdness & Mutations

You have a pair of small horns on your head.
You are slightly more attuned to the shadows.
You have supernaturally acute eyesight. (SInv)
Your body sometimes deteriorates upon taking damage.


Message History

You hit the ooze.
The ooze is severely wounded.
The ooze hits you but does no damage.
You hit the ooze.
You kill the ooze!
No target in view!
No target in view!
No target in view!
No target in view!
No target in view!
No target in view!
c - 4 bread rations (gained 1)
You open the door.
There is an open door here.
o - 3 scrolls labeled HUOTHALLUTU (gained 1)
You open the door.
Found an escape hatch in the ceiling.
There is an open door here.
Found a stone staircase leading down.
Are you sure you want to abandon this character and quit the game? (Confirm with "yes".)

#.........<... .........
###...##'#############'##
.........................
#.#......................
#........................
######.####....##...#####
#..# #....##...#
##.###.........#
#.@##....###..#
##.##....# #..# #..#....#
#...# ##.#....# ##..#
....... ... ...... ...#
..>


There were no monsters in sight!

Vanquished Creatures
  The ghost of Alarkh the Chopper, a weakling DsMo (D:3)
  An adder (D:2)
  2 oozes
  A dart slug (D:1)
  5 bats
  6 giant cockroaches
  4 goblins
  3 hobgoblins
  A quokka (D:3)
  5 frilled lizards
  A kobold (D:1)
  2 rats (D:2)
32 creatures vanquished.

Notes
Turn   | Place    | Note
-------+----------+-------------------------------------------
     0 | D:1      | Alarkh the Demonspawn Monk began the quest for the Orb.
     0 | D:1      | Reached XP level 1. HP: 18/18 MP: 1/1
   153 | D:1      | Gained mutation: You have a pair of small horns on your head. [demonic ancestry]
   153 | D:1      | Reached XP level 2. HP: 8/24 MP: 2/2
  1160 | D:2      | Found an opulent altar of Gozag.
  1397 | D:2      | Reached skill level 1 in Armour
  1400 | D:2      | Reached XP level 3. HP: 16/29 MP: 3/3
  1878 | D:3      | Found a faded altar of an unknown god.
  1903 | D:3      | Became a worshipper of Uskayaw the Reveler
  1903 | D:3      | Reached * piety under Uskayaw
  1903 | D:3      | Reached ** piety under Uskayaw
  2053 | D:3      | Noticed Alarkh's ghost (weakling DsMo)
  2058 | D:3      | Gained mutation: Your body sometimes deteriorates upon taking damage. [potion of mutation]
  2058 | D:3      | Gained mutation: You have supernaturally acute eyesight. (SInv) [potion of mutation]
  2078 | D:3      | Killed Alarkh's ghost
  2078 | D:3      | Gained mutation: You are slightly more attuned to the shadows. [demonic ancestry]
  2078 | D:3      | Reached XP level 4. HP: 11/35 MP: 4/4
  2348 | D:3      | Quit the game

Vault maps used:
D:1:      eino_arrival_cavern_b, item_on_display_a
D:2:      lemuel_doored_altar
D:3:      first_bread, chequers_ecumenical_altar_simple,
          nemelex_dance_club_becter

Skill      XL: |  1  2 |
---------------+-------+-----
Axes           | 3 |  3.5
Dodging        | 3 |  3.2
Armour         | 1 |  1.4
Fighting       | |  3.5
Stealth        | |  1.7

Action                   |  1- 3 |  4- 6 || total
-------------------------+-------+-------++-------
Melee: Hand axe          |    48 |       ||    48
       War axe           |    32 |     3 ||    35
       Headbutt          |     8 |       ||     8
Invok: Stomp             |     1 |     1 ||     2
  Use: Scroll            |     1 |       ||     1
       Potion            |     6 |       ||     6
 Stab: Sleeping          |     5 |       ||     5
  Eat: Chunk             |     4 |       ||     4
Armor: Robe              |     8 |     1 ||     9
Dodge: Dodged            |    59 |     3 ||    62
